 Dungeon Crawl Stone Soup version 0.22-a0-247-gbddf880 (webtiles) character file.

2094 b5mith the Carver (level 9, -11/81 HPs)
             Began as a Minotaur Berserker on Feb 23, 2018.
             Was a High Priest of Trog.
             Killed from afar by an orc sorcerer (36 damage)
             ... with a bolt of fire
             ... while paralysed by an orc sorcerer
             ... on level 7 of the Dungeon.
             The game lasted 00:18:36 (5191 turns).

b5mith the Carver (Minotaur Berserker)              Turns: 5191, Time: 00:18:38

Health: -11/81     AC: 14    Str: 23    XL:     9   Next: 7%
Magic:  8/8        EV:  2    Int:  4    God:    Trog [*****.]
Gold:   229        SH:  0    Dex: 14    Spells: 8/8 levels left

rFire    . . .     SeeInvis .   a - +0 falchion
rCold    + . .     Gourm    .   (no shield)
rNeg     + . .     Faith    +   y - +0 plate armour of the Endless Expanse {rN+ Regen+ Dex+2}
rPois    .         Spirit   .   (helmet restricted)
rElec    .         Reflect  .   s - +0 cloak
rCorr    .         Harm     .   (no gloves)
MR       .....                  (no boots)
Stlth    ..........             k - amulet of faith
HPRegen  0.63/turn              d - ring of protection from fire
MPRegen  0.11/turn              o - ring of ice

@: paralysed, drained
A: retaliatory headbutt, horns 2
a: Berserk, Trog's Hand, Brothers in Arms, Renounce Religion


You were on level 7 of the Dungeon.
You worshipped Trog.
Trog was extremely pleased with you.
You were not hungry.

You visited 1 branch of the dungeon, and saw 7 of its levels.
You also visited: Ossuary.

You collected 229 gold pieces.

Inventory:

Hand Weapons
 a - a +0 falchion (weapon)
Missiles
 j - 10 tomahawks (quivered)
Armour
 b - a +0 animal skin
 r - a +0 ring mail
 s - a +0 cloak (worn)
 y - the +0 plate armour of the Endless Expanse (worn) {rN+ Regen+ Dex+2}
   (You found it on level 5 of the Dungeon)

   It affects your dexterity (+2).
   It protects you from negative energy.
   It increases your rate of regeneration.
Jewellery
 d - a ring of protection from fire (left hand)
 k - an amulet of faith (around neck)
 o - a ring of ice (right hand)
Scrolls
 f - 5 scrolls of teleportation
 g - 2 scrolls of remove curse {@r2}
 l - 2 scrolls of magic mapping
 p - a scroll of noise {unknown}
 q - 4 scrolls of enchant armour
 u - a scroll of enchant weapon {unknown}
 v - a scroll of fog {unknown}
 x - a scroll of blinking {unknown}
Potions
 e - 4 potions of curing {@q1}
 h - a potion of agility {unknown}
 i - 3 potions of lignification
 m - 4 potions of degeneration {unknown}
 n - 2 potions of haste
 t - a potion of brilliance {unknown}
 w - a potion of ambrosia {unknown}
 z - 4 potions of mutation
 B - 2 potions of heal wounds {unknown}
Comestibles
 c - 9 rations
 A - 3 chunks of flesh


   Skills:
 + Level 8.0(7.4) Fighting
 + Level 8.0(7.4) Long Blades
 + Level 7.5(6.9) Armour
 + Level 6.9(6.3) Dodging


You had 8 spell levels left.
You didn't know any spells.

Dungeon Overview and Level Annotations

Branches:
Dungeon (7/15)
 Temple: D:4-7

Altars:
Okawaru
Ru
Vehumet
Wu Jian
Zin


Innate Abilities, Weirdness & Mutations

You reflexively headbutt those who attack you in melee.
You have a pair of horns on your head.


Message History

The bolt of negative energy hits the sun demon.
The sun demon completely resists.
The bolt of negative energy hits you! You partially resist.
You feel drained.
The sun demon hits you but does no damage.
The phantom blinks!
The red devil hits you but does no damage.
The sun demon hits you!!
You are engulfed in flames!
* * * LOW HITPOINT WARNING * * *
The orc sorcerer casts a spell at you.
The bolt of negative energy hits the red devil.
The red devil completely resists.
The bolt of negative energy hits the sun demon.
The sun demon completely resists.
The bolt of negative energy hits you! You partially resist.
You feel drained.
* * * LOW HITPOINT WARNING * * *
The orc sorcerer casts a spell at you.
The bolt of fire hits the red devil.
The red devil completely resists.
The bolt of fire misses the sun demon.
Helpless, you fail to dodge the bolt of fire.
You die...

######.. .......
... . .......
.... ≈≈ ≈≈≈..#
... ##. #≈≈.#
#.. #... #≈.#
#.#####
.....#≈.##
#.#...
...Wo43@.###'#.#
#
.%.(o#≈........#
.# #..
#≈.###....# ..#
# #≈≈5#
#....###....
≈≈≈..#
#.........#
......##
#.....###..
#....# #....)#
+.... #####(#
#....
#....(#######


You could see a sun demon, a phantom, 2 orc sorcerers, a red devil and a crimson
imp.

Vanquished Creatures
  Pikel (D:6)
  Grinder (D:6)
  Prince Ribbit (D:6)
  A wraith (Ossuary)
  Edmund (D:6)
  An orc warrior (D:6)
  A sky beast (D:6)
  2 slaves (D:6)
  An ogre (D:4)
  2 centaurs
  A bullfrog (D:7)
  A scorpion (D:5)
  A howler monkey (D:5)
  A crimson imp (D:6)
  A bullfrog skeleton (D:4)
  An iguana (D:7)
  Crazy Yiuf (D:2)
  3 worker ants
  2 killer bee zombies
  A hound zombie (D:7)
  A mummy (Ossuary)
  A gnoll (D:1)
  5 adders
  A shadow imp (D:5)
  An ooze (D:4)
  2 worms (D:3)
  A dart slug (D:3)
  3 leopard geckos
  7 orcs
  3 bats (D:3)
  6 giant cockroaches
  6 hobgoblins
  8 jackals
  9 kobolds
  3 quokkas
  A ball python (D:5)
  6 frilled lizards
  8 gnoll skeletons (Ossuary)
  6 goblins
  3 kobold skeletons (Ossuary)
  14 orc skeletons (Ossuary)
  A quokka skeleton (D:4)
  19 rats
140 creatures vanquished.

Vanquished Creatures (others)
  An iguana (D:6)
  An orc (D:6)
  A ball python (D:6)
3 creatures vanquished.

Grand Total: 143 creatures vanquished

Notes
Turn   | Place    | Note
-------+----------+-------------------------------------------
     0 | D:1      | b5mith the Minotaur Berserker began the quest for the Orb.
     0 | D:1      | Reached XP level 1. HP: 19/19 MP: 0/0
    55 | D:1      | Reached XP level 2. HP: 20/27 MP: 1/1
   426 | D:1      | Reached XP level 3. HP: 33/33 MP: 2/2
   852 | D:2      | Reached ** piety under Trog
   896 | D:2      | Found a radiant altar of Vehumet.
  1109 | D:2      | Found a runed door.
  1342 | D:2      | Found a faded altar of an unknown god.
  1595 | D:2      | Noticed Crazy Yiuf
  1602 | D:2      | Killed Crazy Yiuf
  1602 | D:2      | Reached XP level 4. HP: 27/41 MP: 3/3
  1806 | D:3      | HP: 2/41 [adder (3)]
  2208 | D:3      | Reached XP level 5. HP: 47/47 MP: 4/4
  2217 | D:3      | Reached *** piety under Trog
  2661 | D:4      | Noticed an ogre
  2667 | D:4      | Killed an ogre
  2667 | D:4      | Reached skill level 5 in Fighting
  2667 | D:4      | Reached skill level 5 in Long Blades
  2731 | D:4      | Reached XP level 6. HP: 53/56 MP: 5/5
  3178 | D:5      | Entered Level 5 of the Dungeon
  3565 | D:5      | Found a sand-covered staircase.
  3637 | Ossuary  | Entered an ossuary
  3637 | Ossuary  | Noticed a wraith
  3637 | Ossuary  | Noticed a wraith
  3637 | Ossuary  | Noticed a wraith
  3704 | Ossuary  | Noticed a wraith
  3721 | Ossuary  | Killed a wraith
  3721 | Ossuary  | Reached skill level 5 in Armour
  3721 | Ossuary  | Reached XP level 7. HP: 36/62 MP: 6/6
  3985 | Ossuary  | Reached **** piety under Trog
  4045 | D:5      | Got a pitted plate armour
  4056 | D:5      | Identified the +0 plate armour of the Endless Expanse {rN+ Regen+ Dex+2} (You found it on level 5 of the Dungeon)
  4368 | D:6      | Noticed Edmund
  4375 | D:6      | Killed Edmund
  4375 | D:6      | Reached skill level 5 in Dodging
  4463 | D:6      | Noticed Pikel
  4473 | D:6      | Killed Pikel
  4473 | D:6      | Reached XP level 8. HP: 65/73 MP: 7/7
  4506 | D:6      | Noticed Prince Ribbit
  4674 | D:6      | Noticed Grinder
  4683 | D:6      | Killed Grinder
  4700 | D:6      | Found an ornate altar of the Wu Jian Council.
  4733 | D:6      | Found a glowing silver altar of Zin.
  4889 | D:6      | Killed Prince Ribbit
  5068 | D:7      | Found an iron altar of Okawaru.
  5068 | D:7      | Found a sacrificial altar of Ru.
  5090 | D:7      | Reached XP level 9. HP: 79/81 MP: 8/8
  5105 | D:7      | Reached ***** piety under Trog
  5182 | D:7      | Noticed an orc sorcerer
  5183 | D:7      | Noticed an orc sorcerer
  5184 | D:7      | Noticed a sun demon
  5185 | D:7      | Noticed a red devil
  5185 | D:7      | Paralysed by an orc sorcerer for 7 turns
  5191 | D:7      | Killed from afar by an orc sorcerer

Vault maps used:
D:1:      erik_arrival_orb_chamber, roderic_serpentine_path
D:2:      marbit_many_paths, chequers_ecumenical_altar_grove,
          uniq_crazy_yiuf_cottage
D:3:      first_ration
D:5:      enter_ossuary_2, st_stairs_12, minmay_misc_feat_pillars,
          dk_noncrumbling_3
D:6:      old_standard_altar, zin_academy, uniq_pikel, uniq_grinder,
          uniq_prince_ribbit1, uniq_edmund
D:7:      cheibrodos_wizards_tower, gammafunk_temple_overflow_elements,
          minmay_temple_entry_purple_smoke
Ossuary:  ossuary_due_mausoleum

Skill      XL: |  1  2  3  4  5  6  7  8  9 |
---------------+----------------------------+-----
Fighting       | 4 5 7 8 |  8.0
Long Blades    | 4 5 6 7 8 |  8.0
Armour         | 3 4 5 6 7 |  7.5
Dodging        | 3 4 5 6 |  6.9

Action                   |  1- 3 |  4- 6 |  7- 9 || total
-------------------------+-------+-------+-------++-------
Melee: Falchion          |    74 |   111 |   136 ||   321
       Headbutt          |    19 |    17 |    43 ||    79
Invok: Berserk           |       |     1 |     1 ||     2
  Use: Potion            |       |     2 |       ||     2
       Scroll            |       |     4 |     3 ||     7
 Stab: Sleeping          |       |     1 |       ||     1
  Eat: Chunk             |     2 |     3 |       ||     5
       Ration            |       |     1 |     2 ||     3
Armor: Animal skin       |     7 |    10 |       ||    17
       Ring mail         |       |    15 |     7 ||    22
       Plate armour      |       |       |    65 ||    65
Dodge: Dodged            |    47 |    73 |    73 ||   193
       Rpst.: Falchion   |    13 |    19 |    21 ||    53

Table legend:
 A = Spawn XP
 B = Non-spawn XP
 C = Spawn XP percentage of total XP
 D = Spawn monster count
 E = Non-spawn monster count
 F = Spawn count percentage of total count
 G = Total turns spent on level
                    A         B        C        D         E        F      G
               +---------+---------+-------+---------+---------+-------+---------
         Total |       0 |    2992 |   0.0 |       0 |     138 |   0.0 |  5191
               +---------+---------+-------+---------+---------+-------+---------
           D:1 |       0 |      47 |   0.0 |       0 |      27 |   0.0 |   843
           D:2 |       0 |      84 |   0.0 |       0 |      23 |   0.0 |   911
           D:3 |       0 |      81 |   0.0 |       0 |      22 |   0.0 |   825
           D:4 |       0 |     200 |   0.0 |       0 |       6 |   0.0 |   599
           D:5 |       0 |     256 |   0.0 |       0 |      10 |   0.0 |   781
           D:6 |       0 |    1773 |   0.0 |       0 |      17 |   0.0 |   717
           D:7 |       0 |     306 |   0.0 |       0 |       6 |   0.0 |   136
       Ossuary |       0 |     245 |   0.0 |       0 |      27 |   0.0 |   379
               +---------+---------+-------+---------+---------+-------+---------
